 Dungeon Crawl Stone Soup version 0.30.1-11-g7821555f0a (webtiles) character file.

Game seed: 14426533481111892530

332 safid the Chiller (level 6, -7/48 HPs)
             Began as a Merfolk Ice Elementalist on Oct 27, 2023.
             Mangled by Duvessa
             ... wielding a +0 short sword
              (13 damage)
             ... on level 4 of the Dungeon.
             The game lasted 00:06:24 (3908 turns).

safid the Chiller (Merfolk Ice Elementalist)        Turns: 3908, Time: 00:06:24

Health: -7/48      AC: 10    Str:  6 (8)  XL:     6   Next: 52%
Magic:  2/11       EV: 12    Int: 14 (17) God:
Gold:   276        SH:  0    Dex: 11 (14) Spells: 5/12 levels left

rFire   . . .        d - +0 whip
rCold   . . .        (no shield)
rNeg    . . .        a - +0 robe
rPois   .            (no helmet)
rElec   .            k - +0 cloak
rCorr   .            (no gloves)
SInv    .            h - +0 pair of boots
Will    .....        (no amulet)
Stlth   +            (no ring)
HPRegen 0.28/turn    (no ring)
MPRegen 0.12/turn

%: no passive effects
@: brilliant, lit by a corona, ice-armoured, freezing walls, hasted, glowing,
very quick
A: (nimble swimmer 2), mertail
a: no special abilities


You were on level 4 of the Dungeon.
You visited 1 branch of the dungeon, and saw 4 of its levels.

You collected 276 gold pieces.

Inventory:

Hand Weapons
 d - a +0 whip (weapon)
Armour
 a - a +0 robe (worn)
 h - a +0 pair of boots (worn)
 k - a +0 cloak (worn)
Wands
 q - a wand of flame (27)
Scrolls
 c - 5 scrolls of identify {unknown}
 e - a scroll of summoning {unknown}
 m - 2 scrolls of enchant armour {unknown}
 p - a scroll of poison {unknown}
 r - 3 scrolls of teleportation {unknown}
 s - a scroll of amnesia {unknown}
 u - a scroll of brand weapon {unknown}
Potions
 b - a potion of magic
 g - a potion of brilliance
 i - 2 potions of might {unknown}
 j - 2 potions of heal wounds {unknown}
 l - 2 potions of lignification {unknown}
 n - 2 potions of curing {unknown}
 t - a potion of attraction {unknown}
 v - a potion of invisibility {unknown}


   Skills:
 + Level 3.7 Fighting
 - Level 2.6 Dodging
 - Level 2.1 Stealth
 + Level 3.9 Spellcasting
 + Level 6.0 Ice Magic


You had 5 spell levels left.
You knew the following spells:

 Your Spells              Type           Power      Damage    Failure   Level
a - Freeze                Ice            100%       1d10      1%          1
b - Frozen Ramparts       Ice            58%        1d9       4%          3
c - Ozocubu's Armour      Ice            29%        N/A       4%          3

Your spell library contained the following spells:

 Spells                   Type           Power      Damage    Failure   Level
 Ensorcelled Hibernation  Hex/Ice        32%        N/A       9%          2
 Passwall                 Tmut/Erth      3%         N/A       30%         2
 Summon Ice Beast         Ice/Summ       16%        N/A       50%         4
 Swiftness                Air            4%         N/A       52%         3
 Volatile Blastmotes      Fire/Tloc      8%         2d10      52%         3
 Fulminant Prism          Conj/Hex       2%         3d5       89%         4
 Iskenderun's Mystic Bla  Conj/Tloc      4%         2d3       89%         4
 Summon Lightning Spire   Summ/Air       4%         N/A       89%         4
 Lee's Rapid Deconstruct  Erth           2%         3d4*      99%         5
 Storm Form               Tmut/Air       2%         N/A       100%        7
 Maxwell's Capacitive Co  Air            2%         ∞         100%        8


Dungeon Overview and Level Annotations

Branches:
Dungeon (4/15)
 Temple: D:4-7

Altars:
Dithmenos
Fedhas
Uskayaw
Yredelemnul

Shops:
D:4 *

Annotations:
D:4 Duvessa


Innate Abilities, Weirdness & Mutations

((You are very nimble when in or above water. (Stealth+, EV+, Speed+++)))
Your lower body shifts to a powerful aquatic tail in water.


Message History

The wall freezes Dowan.
Dowan says, "My weaknesses are her strengths!"
Dowan completely misses you.
Unknown command.
You closely miss Duvessa.
Duvessa is moderately wounded.
Duvessa hits you with a +0 short sword.
The wall freezes Dowan.
You kill Dowan!
Duvessa weeps, and shakes her weapon.
Duvessa goes berserk!
Duvessa hits you with a +0 short sword.
Your Ice Magic skill increases to level 6!
Unknown command.
You feel yourself speed up. Duvessa closely misses you.
It was a potion of degeneration.
There was something very wrong with that liquid.
You feel weakened.
You feel dopey.
You feel clumsy. Duvessa hits you with a +0 short sword!
It was a potion of brilliance.
You feel clever all of a sudden. Duvessa hits you but does no damage.
Okay, then.
Casting: Frozen Ramparts (dangerous; 4% risk of failure)
Confirm with . or Enter, or press ? or * to list all spells.
Aiming: Freeze (safe; 1% risk of failure)
Press: ? - help, Shift-Dir - straight line, f - Duvessa
Aim: Duvessa, wielding a +0 short sword and wearing a +0 leather armour (moderately wounded, berserk, fast)
You feel a surge of power!
You freeze Duvessa.
Duvessa is heavily wounded.
Duvessa hits you with a +0 short sword!
* * * LOW HITPOINT WARNING * * *
Unknown command.
Casting: Freeze (safe; 1% risk of failure)
Confirm with . or Enter, or press ? or * to list all spells.
Aiming: Freeze (safe; 1% risk of failure)
Press: ? - help, Shift-Dir - straight line, f/p - Duvessa
Aim: Duvessa, wielding a +0 short sword and wearing a +0 leather armour (heavily wounded, berserk, fast)
You feel a surge of power!
You freeze Duvessa.
Duvessa is heavily wounded.
Duvessa hits you with a +0 short sword!
You die...

... #.......... ...#
.#.###†########. ....
#.......).# #.. ....#
#.........###.# ....#
#..................e#
#.........###.#......
.#..........##....e.#
.......∩..e.##.#.###
.#........@).......#
###########....##....
#...## .. #...# #...#
#...# #...# #####


You could see Duvessa (berserk, fast).

Vanquished Creatures
  Dowan (D:4)
  A jelly (D:4)
  A hound (D:3)
  Ijyb (D:4)
  Natasha (twice) (D:4)
  A scorpion zombie (D:3)
  2 hound zombies (D:3)
  An adder (D:2)
  A worm (D:2)
  2 dart slugs
  5 orcs (D:3)
  5 bats
  5 endoplasms
  3 giant cockroaches
  5 hobgoblins
  6 jackals
  8 kobolds
  3 quokkas
  9 ball pythons
  3 frilled lizards (D:2)
  A giant cockroach zombie (D:3)
  9 goblins
  10 rats
85 creatures vanquished.

Notes
Turn   | Place    | Note
-------+----------+-------------------------------------------
     0 | D:1      | safid the Merfolk Ice Elementalist began the quest for the
                  | Orb.
     0 | D:1      | Reached XP level 1. HP: 13/13 MP: 3/3
   255 | D:1      | Reached XP level 2. HP: 20/20 MP: 3/5
   288 | D:1      | Reached skill level 1 in Fighting
   611 | D:1      | Reached XP level 3. HP: 19/26 MP: 4/6
  1638 | D:2      | Reached XP level 4. HP: 33/33 MP: 8/8
  1803 | D:2      | Learned a level 3 spell: Frozen Ramparts
  1807 | D:2      | Learned a level 3 spell: Ozocubu's Armour
  2002 | D:2      | Reached skill level 5 in Ice Magic
  2151 | D:3      | Found a faded altar of an unknown god.
  2469 | D:3      | Found a blossoming altar of Fedhas.
  2962 | D:3      | Reached XP level 5. HP: 39/39 MP: 9/9
  3135 | D:3      | Found a basalt altar of Yredelemnul.
  3378 | D:3      | Found a hide-covered altar of Uskayaw.
  3387 | D:3      | Found a shadowy altar of Dithmenos.
  3610 | D:4      | Noticed Ijyb
  3627 | D:4      | Killed Ijyb
  3707 | D:4      | Reached XP level 6. HP: 47/47 MP: 6/11
  3753 | D:4      | Found Tenguagg's General Store.
  3755 | D:4      | Noticed Natasha
  3765 | D:4      | Killed Natasha
  3792 | D:4      | Noticed Natasha
  3809 | D:4      | Killed Natasha
  3885 | D:4      | Noticed Dowan
  3886 | D:4      | Noticed Duvessa
  3903 | D:4      | Killed Dowan
  3904 | D:4      | Reached skill level 6 in Ice Magic
  3908 | D:4      | Mangled by Duvessa

Illustrated notes

Levels and vault maps discovered:
D:1:      psy_arrival_radial02, layout_loops_ring, serial_glass,
          glass_columns_c, glass_columns_b, glass_columns_c, glass_columns_a,
          kennysheep_another_room, corexii_leaking_fountain,
          hangedman_decor_clover_reticule, st_stairs_11, minmay_misc_feat_doors,
          chequers_serial_rivers_small_a, feat_on_display
D:2:      layout_basic, minmay_quantized
D:3:      layout_basic, fedhas_altar_3, amethyst_overflow_temple_binary,
          nicolae_yredelemnul_corpse_copse,
          hellmonk_ecumenical_altar_heavens_door
D:4:      layout_rooms, serial_shops, shop, uniq_ijyb, uniq_duvessa,
          uniq_natasha

Skill      XL: |  1  2  3  4  5  6 |
---------------+-------------------+-----
Fighting       | 1 2 3 |  3.7
Ice Magic      | 5 6 |  6.0
Spellcasting   | 3 |  3.9
Dodging        | |  2.6
Stealth        | |  2.1

Action                     |  1- 3 |  4- 6 || total
---------------------------+-------+-------++-------
  Melee: Whip              |    75 |   186 ||   261
         Punch             |       |     4 ||     4
   Cast: Freeze            |    44 |    20 ||    64
         Frozen Ramparts   |       |     9 ||     9
         Ozocubu's Armour  |       |     6 ||     6
    Use: Potion            |       |     3 ||     3
   Stab: Sleeping          |     4 |     3 ||     7
 Armour: Robe              |    24 |    91 ||   115
  Dodge: Dodged            |    76 |   173 ||   249
